[Event "*** SCC Grand Prix: Titled Tuesday Blitz"]
[Site "Chess.com"]
[Date "2020.06.09"]
[Round "1"]
[White "Training_Day"]
[Black "DenLaz"]
[Result "0-1"]
[WhiteElo "2311"]
[BlackElo "2633"]
[TimeControl "180+1"]
[EndTime "9:07:15 PDT"]
[Termination "DenLaz won by resignation"]

1. e4 e5 2. Bc4 Nf6 3. d3 Bc5 4.
Nf3 d6 5. c3 Nbd7 6. O-O O-O 7.
d4 Bb6 8. Re1 c6 9. Bb3 h6 10.
Nbd2 Re8 11. Bc2 Nf8 12. h3 Ng6 13. Nf1 Be6 14. Ng3 Qd7 15. Nf5 d5 16. Nxe5 Nxe5 17.
dxe5 Nxe4 18. Bxe4 Bxf5 19. Bf3 Re6 20. Bf4 Rae8 21. c4 d4 22. b4 Bc7 23. Qa4 a6 24.
Rad1 Bxe5 25. Bxe5 Rxe5 26. Rxe5 Rxe5 27. b5 c5 28. Qb3 axb5 29. Qxb5 Qxb5 30. cxb5 b6 31. a4 Bc2 32. Ra1 d3 33. a5 bxa5 34. b6 d2 35. Kh2 Be4 36. Bxe4 Rxe4 37. b7 Rb4 38. Rd1 Rxb7 39. Rxd2 a4 40. Rc2 Ra7 41. Rxc5 a3 42. Rc1 a2 43. Ra1 Kf8 44. Kg3 Ke7 45. Kf3 Kd6 46. Ke4 Kc5 47. Kd3 Kb4 48. Kc2 Ka3 0-1

[Event "*** SCC Grand Prix: Titled Tuesday Blitz"]
[Site "Chess.com"]
[Date "2020.06.09"]
[Round "1"]
[White "Ural_bogatyr"]
[Black "davidkalashian"]
[Result "0-1"]
[WhiteElo "2282"]
[BlackElo "2608"]
[TimeControl "180+1"]
[EndTime "9:07:15 PDT"]
[Termination "davidkalashian won by resignation"]

1. e4 c5 2. Nf3 a6 3. c3 Nf6 4.
e5 Nd5 5. d4 cxd4 6. Qxd4 e6 7. Qe4 Nc6 8. Bd3 f5 9. exf6 Nxf6 10.
Qh4 Be7 11. Bg6+ Kf8 12. Bc2 Qe8 13. Bg5 d6 14. Nbd2 e5 15. Ne4 Nxe4 16. Bxe4 Be6 17. O-O h6 18. Rad1 Rd8 19. Bxe7+ Qxe7 20. Qg3 g5 21. h4 g4 22. Nh2 Rg8 23. f3 gxf3 24. Rxf3+ Ke8 25. Qf2 d5 26. Bc2 Kd7 27. c4 Nd4 28. Ba4+ Kc8 29. cxd5 Nxf3+ 30. Nxf3 Bxd5 31. Rc1+ Kb8 32. Bd1 e4 33. Nd4 e3 34. Qf4+ Ka8 35. Bf3 Bxf3 36. Nxf3 e2 37. Re1 Rd1 38. Qc4 Qe3+ 39.
Kh2 Re8 40. Qxe2 Qxe2 0-1

[Event "*** SCC Grand Prix: Titled Tuesday Blitz"]
[Site "Chess.com"]
[Date "2020.06.09"]
[Round "1"]
[White "DaggiGretarsson"]
[Black "martabartel"]
[Result "0-1"]
[WhiteElo "2619"]
[BlackElo "2332"]
[TimeControl "180+1"]
[EndTime "9:07:18 PDT"]
[Termination "martabartel won by checkmate"]

1. d4 Nf6 2. c4 g6 3. Nc3 d5 4.
Bf4 Bg7 5. e3 O-O 6. Rc1 c6 7. Nf3 Bg4 8. h3 Bxf3 9. Qxf3 Na6 10. Qd1 Qa5 11. Be2 Ne4 12. Qb3 Nxc3 13. bxc3 dxc4 14.
Bxc4 e5 15. dxe5 Bxe5 16. Bxe5 Qxe5 17. Qxb7 Nc5 18. Qb1 Rfd8 19. O-O Rd2 20. Rc2 Rad8 21. Rxd2 Rxd2 22. Qb4 Kg7 23. a4 Rc2 24. Rd1 Rxc3 25.
Bf1 Rb3 26. Qa5 Ra3 27. Qxa7 Rxa4 28. Qb6 Ne4 29. Qxc6 Ra2 30. f4 Qe7 31. Rd7 Qe8 32. Bc4 Ra1+ 33. Kh2 Nf2 34. Rxf7+ Kh6 35. Qc7 Rh1+ 36.
Kg3 Qxe3+ 37. Kh4 Rxh3+ 38. gxh3 Qxh3# 0-1

[Event "*** SCC Grand Prix: Titled Tuesday Blitz"]
[Site "Chess.com"]
[Date "2020.06.09"]
[Round "1"]
[White "stolencandy13"]
[Black "nihalsarin"]
[Result "0-1"]
[WhiteElo "2468"]
[BlackElo "3009"]
[TimeControl "180+1"]
[EndTime "9:07:19 PDT"]
[Termination "nihalsarin won by resignation"]

1. e4 e5 2. Nf3 Nc6 3. Nc3 Nf6 4. d4 exd4 5. Nxd4 Bb4 6. Nxc6 bxc6 7. Bd3 d5 8. exd5 O-O 9. O-O Bg4 10. Be2 Bxe2 11. Nxe2 cxd5 12. Nd4 Qd7 13. Qf3 Rfe8 14. c3 Bf8 15. Be3 Rab8 16. b3 Ne4 17. Rac1 c5 18. Nf5 Re5 19. Ng3 Rbe8 20. Bf4 R5e6 21. Rfd1 Qc6 22.
Nxe4 Rxe4 23. Be3 g6 24. h3 Bg7 25. Rd3 Qd6 26. g3 h5 27. h4 d4 28. Bf4 Qa6 29.
cxd4 Bxd4 30. Rd2 Re2 31. Rxe2 Rxe2 32. Qa8+ Kg7 33. Qd5 Bxf2+ 34. Kh1 Bd4 35. Bg5 Qxa2 0-1

[Event "*** SCC Grand Prix: Titled Tuesday Blitz"]
[Site "Chess.com"]
[Date "2020.06.09"]
[Round "1"]
[White "Ruchess27"]
[Black "Lubov_Gordyk"]
[Result "0-1"]
[WhiteElo "2292"]
[BlackElo "2614"]
[TimeControl "180+1"]
[EndTime "9:07:19 PDT"]
[Termination "Lubov_Gordyk won on time"]

1. d4 c5 2. d5 f5 3. c4 g6 4.
Nc3 Bg7 5. Nf3 Bxc3+ 6. bxc3 Qa5 7. Qc2 d6 8. g3 Nf6 9. Bg2 Nbd7 10. O-O Nb6 11.
Qb3 Bd7 12. Ng5 Qa4 13. Ne6 Bxe6 14. dxe6 Ne4 15. Bxe4 fxe4 16. Qb1 Qxc4 17. a4 O-O-O 18. a5 Na8 19. a6 b6 20. Bg5 Qxe6 21. Qb5 Qd7 22. Qc4 d5 23. Qb3 h6 24. Be3 Qc6 25. Rfd1 g5 26. Qb2 Nc7 27. Qb3 Qb5 28. Qa2 e5 29.
Rd2 d4 30. cxd4 exd4 31. Rad1 dxe3 32. Rxd8+ Rxd8 33. Rxd8+ Kxd8 34. Qg8+ Qe8 35. Qg7 exf2+ 36. Kxf2 Qe6 37. Qf8+ Kd7 38. Qg7+ Kc6 39. Qf8 Nxa6 40. Kg2 Nc7 41. Qb8 a5 42. Qa7 e3 43. Qb8 g4 0-1

[Event "*** SCC Grand Prix: Titled Tuesday Blitz"]
[Site "Chess.com"]
[Date "2020.06.09"]
[Round "1"]
[White "IMDT02"]
[Black "rugbyclub"]
[Result "0-1"]
[WhiteElo "2500"]
[BlackElo "2120"]
[TimeControl "180+1"]
[EndTime "9:07:19 PDT"]
[Termination "rugbyclub won on time"]

1. d4 d5 2. Bf4 Nf6 3. e3 e6 4. Nd2 Bd6 5. Bg3 O-O 6. Ngf3 b6 7. c3 Ba6 8. Bxa6 Nxa6 9. O-O c5 10. Qe2 Nb8 11.
e4 Bxg3 12. hxg3 dxe4 13. Nxe4 Nbd7 14. Rad1 Qc7 15. dxc5 bxc5 16. Nxf6+ Nxf6 17. b3 a5 18. a4 Rab8 19. Qc4 Rb6 20. Rd3 Rfb8 21. Rfd1 h6 22. Nd2 Nd5 23. Re1 Rc6 24. Ne4 Nb6 25. Qb5 c4 26. bxc4 Nxc4 27. Qh5 Nb2 28. Rd4 Rd8 29. Qb5 Rb8 30. Qh5 Rc4 31. Rxc4 Nxc4 32. Rd1 f5 33.
Nd2 Nb2 34. Re1 Nxa4 35. Rxe6 Nxc3 0-1

[Event "*** SCC Grand Prix: Titled Tuesday Blitz"]
[Site "Chess.com"]
[Date "2020.06.09"]
[Round "1"]
[White "NM2019"]
[Black "elohunter1999"]
[Result "0-1"]
[WhiteElo "2026"]
[BlackElo "2491"]
[TimeControl "180+1"]
[EndTime "9:07:19 PDT"]
[Termination "elohunter1999 won on time"]

1. c4 Nf6 2. Nc3 e6 3. Nf3 d5 4. d4 Nbd7 5. g3 Be7 6. Bg2 O-O 7. O-O c6 8. b3 b6 9. a4 a5 10. Bb2 Ba6 11. Nd2 Rc8 12. Re1 c5 13. dxc5 d4 14.
Nb5 Bxb5 15. axb5 Bxc5 16. Ne4 Nxe4 17. Bxe4 Nf6 18. Bd3 e5 19. Qc2 Re8 20. Bf5 Rc7 21.
Rad1 g6 22. Bh3 Qe7 23. Bg2 Bb4 24.
Rf1 Rd8 25. Bc1 Nd7 26. e3 Nc5 27. exd4 exd4 28. Bd5 d3 29. Rxd3 Nxd3 30. Qxd3 Bc5 31. Bb2 Rd6 32. Qd2 Rf6 33. Bxf6 Qxf6 34. Kg2 Re7 35. Re1 Bb4 36. Rxe7 Bxd2 37. Rxf7 Qxf7 38. Bxf7+ Kxf7 39. Kf3 Ke7 40. Ke4 Kd6 0-1

[Event "*** SCC Grand Prix: Titled Tuesday Blitz"]
[Site "Chess.com"]
[Date "2020.06.09"]
[Round "1"]
[White "yamalchess"]
[Black "LiemLe"]
[Result "0-1"]
[WhiteElo "2449"]
[BlackElo "2910"]
[TimeControl "180+1"]
[EndTime "9:07:20 PDT"]
[Termination "LiemLe won by checkmate"]

1. d4 f5 2. Nc3 Nf6 3. Bg5 d5 4.
Bxf6 exf6 5. e3 Be6 6. Bd3 Nc6 7. h3 Qd7 8. Nge2 g6 9. Nf4 Bf7 10. g4 fxg4 11. hxg4 Bg7 12. Qf3 Nb4 13. O-O-O Nxd3+ 14. Nxd3 O-O-O 15. Nc5 Qe7 16. Qe2 Kb8 17. Qb5 c6 18. Qb3 g5 19. a4 h5 20. gxh5 Bxh5 21. Rdg1 Bf3 22. Rxh8 Rxh8 23. a5 Bf8 24. N3a4 Ka8 25. Kb1 Qf7 26. Nb6+ axb6 27. axb6 Bxc5 28. Qa4+ Kb8 29. dxc5 Qe8 30. Qa7+ Kc8 31. Qa8+ Kd7 32. Qxb7+ Ke6 33. Qc7 Qd7 34. Qg3 g4 35. Qf4 Kf7 36. Kc1 Qe7 37. b4 Ra8 38. Kd2 Ra2 39. Qh6 Qe4 40.
Rc1 Qxb4+ 41. Kd3 Ra3+ 42. c3 Qc4+ 43. Kd2 Qe2# 0-1

[Event "*** SCC Grand Prix: Titled Tuesday Blitz"]
[Site "Chess.com"]
[Date "2020.06.09"]
[Round "1"]
[White "AtabayevSaparmyrat"]
[Black "MFBerna"]
[Result "1-0"]
[WhiteElo "2793"]
[BlackElo "2421"]
[TimeControl "180+1"]
[EndTime "9:07:20 PDT"]
[Termination "AtabayevSaparmyrat won on time"]

1. e4 c5 2. Nf3 d6 3. d4 cxd4 4. Nxd4 Nf6 5. Nc3 Nc6 6. Bg5 e6 7. Qd2 Be7 8. O-O-O O-O 9. f4 a6 10. Nf3 b5 11. e5 dxe5 12. Nxe5 Qxd2+ 13. Rxd2 Bb7 14. Bd3 Rac8 15. Rhd1 Rc7 16. Nxc6 Bxc6 17. g3 Rfc8 18. a3 Bf3 19. Rf1 Bb7 20. Bxf6 Bxf6 21. Ne4 Be7 22. Rfd1 g6 23. Kb1 Kg7 24. Nf2 Bf3 25. Re1 b4 26. a4 a5 27. Be4 Bxe4 28.
Nxe4 b3 29. Ree2 bxc2+ 30. Rxc2 Bb4 31. Rxc7 Rxc7 32. Ng5 Rd7 33. Kc2 Rc7+ 34. Kb3 Rc1 35. Nf3 Rd1 36. Ne5 f6 37. Nc6 1-0

[Event "*** SCC Grand Prix: Titled Tuesday Blitz"]
[Site "Chess.com"]
[Date "2020.06.09"]
[Round "1"]
[White "Raja3401"]
[Black "Nafania1"]
[Result "1-0"]
[WhiteElo "2826"]
[BlackElo "2430"]
[TimeControl "180+1"]
[EndTime "9:07:21 PDT"]
[Termination "Raja3401 won by checkmate"]

1. e4 e6 2. d4 d5 3. Nd2 Be7 4. Ngf3 Nf6 5. Bd3 c5 6. e5 Nfd7 7. c3 Nc6 8. O-O a5 9. a4 cxd4 10. cxd4 Nb4 11. Bb5 O-O 12. Nb1 Nb8 13. Nc3 N8c6 14.
Re1 f5 15. exf6 Bxf6 16. Be3 Bd7 17. Bf4 Bxd4 18. Nxd4 Rxf4 19. Nxe6 Bxe6 20. Rxe6 Qb6 21. Nxd5 Qxf2+ 22. Kh1 Rd8 23. Qh5 g6 24. Rxg6+ hxg6 25. Qxg6+ Kh8 26. Qh6+ Kg8 27. Nxf4 Ne5 28. Qg5+ Kh7 29.
Qxe5 Rd2 30. Qh5+ Kg7 31. Qg5+ Kh7 32. Rg1 Nc2 33. Bd3+ Rxd3 34. Nxd3 Qe2 35. Qh4+ Kg7 36. Nf4 Qd2 37. Qg3+ Kh7 38. Nh5 Ne3 39. Qg7# 1-0

[Event "*** SCC Grand Prix: Titled Tuesday Blitz"]
[Site "Chess.com"]
[Date "2020.06.09"]
[Round "1"]
[White "goldenpuppy"]
[Black "sonicdravise"]
[Result "0-1"]
[WhiteElo "2203"]
[BlackElo "2564"]
[TimeControl "180+1"]
[EndTime "9:07:21 PDT"]
[Termination "sonicdravise won by resignation"]

1. e4 g6 2. d4 Bg7 3. Nc3 a6 4.
Nf3 d6 5. a4 b6 6. Be3 Bb7 7.
Bd3 e6 8. h3 Ne7 9. g4 Nd7 10.
Qe2 c5 11. d5 exd5 12. exd5 O-O 13. Bc4 Re8 14. Kf1 Ne5 15. Nxe5 Bxe5 16. Rd1 f5 17.
Qf3 Rf8 18. g5 f4 19. Bc1 Nf5 20. h4 Nd4 21. Qg4 Bc8 22. Qg1 Bf5 23. Bd3 Qd7 24.
Bxf5 Qxf5 25. h5 f3 26. Rh4 Ne2 27. Qh1 Nxc3 28. bxc3 Qxc2 29. Re1 Bxc3 30. hxg6 hxg6 31. Qh3 Rae8 32. Be3 Re7 33. Rh6 Bxe1 34. Rh8+ Kf7 35. Rh7+ Kg8 36. Rxe7 Qe2+ 37. Kg1 Bxf2+ 38. Bxf2 Qxe7 39.
Kh2 Qe5+ 40. Kg1 Qxg5+ 41. Kf1 Qg2+ 42. Qxg2 fxg2+ 43. Kxg2 Rxf2+ 44. Kxf2 Kf7 0-1

[Event "*** SCC Grand Prix: Titled Tuesday Blitz"]
[Site "Chess.com"]
[Date "2020.06.09"]
[Round "1"]
[White "FrenchMonster2002"]
[Black "Gajuchess"]
[Result "0-1"]
[WhiteElo "2417"]
[BlackElo "2784"]
[TimeControl "180+1"]
[EndTime "9:07:23 PDT"]
[Termination "Gajuchess won on time"]

1. e4 c5 2. Nc3 e6 3. Nf3 a6 4.
g3 Nc6 5. Bg2 Qb6 6. O-O d6 7.
b3 Nf6 8. Bb2 Be7 9. Re1 O-O 10.
e5 dxe5 11. Nxe5 Nd4 12. Ne2 Rd8 13. Nf4 Qc7 14. Nh5 Nxh5 15. Qxh5 g6 16. Qh6 Bf6 17. Qf4 Bg7 18. Rac1 f6 19. Nd3 e5 20. Qe3 Bf5 21. c3 Nxb3 22. axb3 Rxd3 23. Qe2 Rad8 24. Red1 b5 25. c4 b4 26. g4 Be6 27. Bd5 R3xd5 28. cxd5 Bxd5 29. f3 Qc6 30. Kf2 Bxb3 31. Re1 a5 32. g5 a4 33. gxf6 Qxf6 34. Bxe5 Qh4+ 35. Bg3 Qd4+ 36. Kg2 a3 37. Qe7 a2 38. Bh4 Rf8 39.
Qc7 Bd5 40. Rf1 Qxd2+ 41. Rf2 Qxc1 42. Be7 a1=Q 43. Bxf8 Bxf8 0-1

[Event "*** SCC Grand Prix: Titled Tuesday Blitz"]
[Site "Chess.com"]
[Date "2020.06.09"]
[Round "1"]
[White "BocharovD"]
[Black "juniortay"]
[Result "0-1"]
[WhiteElo "2732"]
[BlackElo "2416"]
[TimeControl "180+1"]
[EndTime "9:07:23 PDT"]
[Termination "juniortay won on time"]

1. c4 e6 2. Nf3 d5 3. e3 c5 4. b3 Nc6 5. cxd5 exd5 6. Bb2 Nf6 7. Be2 Be7 8. O-O O-O 9. d4 cxd4 10. Nxd4 Bd6 11.
Nc3 Re8 12. Ncb5 Bb8 13. Rc1 Bd7 14. g3 a6 15. Nxc6 bxc6 16. Nd4 Qb6 17. Qc2 Rc8 18. Nf5 Qd8 19. Rfd1 a5 20. Bf3 Ra6 21. Bd4 c5 22.
Ba1 Be6 23. e4 d4 24. Qe2 Rb6 25. Ne3 Rd6 26. e5 Rd7 27. exf6 dxe3 28. fxg7 exf2+ 29. Qxf2 Ba7 30. Rxd7 Qxd7 31. Kh1 c4 32. Qe1 cxb3 33. Rxc8+ Qxc8 34. axb3 Qc2 35. Be4 Qxb3 36. Qc1 Qc4 0-1

[Event "*** SCC Grand Prix: Titled Tuesday Blitz"]
[Site "Chess.com"]
[Date "2020.06.09"]
[Round "1"]
[White "Kostya26"]
[Black "amintabatabaei"]
[Result "0-1"]
[WhiteElo "2442"]
[BlackElo "2883"]
[TimeControl "180+1"]
[EndTime "9:07:24 PDT"]
[Termination "amintabatabaei won on time"]

1. e4 c6 2. d4 d5 3. exd5 cxd5 4. c3 Nc6 5. Bd3 Nf6 6. h3 g6 7.
Nf3 Bf5 8. Qe2 Bxd3 9. Qxd3 e6 10. Bf4 Bd6 11. Bxd6 Qxd6 12. Nbd2 O-O-O 13. O-O-O Kb8 14. Kb1 Nd7 15. Rhe1 Nb6 16. Ne5 Nxe5 17. Rxe5 Rc8 18. Rde1 a6 19. g3 Rc7 20. f4 h5 21. g4 hxg4 22.
hxg4 Na4 23. f5 gxf5 24. gxf5 exf5 25. Re8+ Rxe8 26. Rxe8+ Ka7 27. Qxf5 Qh2 28. Qd3 f5 29. Qe2 Qh1+ 30. Qe1 Qh2 31. Re2 Qh7 32. Ka1 f4 33. Rf2 Re7 34. Qd1 Qd3 35. Rf3 Qe2 0-1

[Event "*** SCC Grand Prix: Titled Tuesday Blitz"]
[Site "Chess.com"]
[Date "2020.06.09"]
[Round "1"]
[White "BillieKimbah"]
[Black "PlotnikovPavel"]
[Result "1-0"]
[WhiteElo "2870"]
[BlackElo "2441"]
[TimeControl "180+1"]
[EndTime "9:07:24 PDT"]
[Termination "BillieKimbah won on time"]

1. d4 e6 2. Nf3 f5 3. e3 Nf6 4.
Bd3 b6 5. O-O Bb7 6. c4 Be7 7. Nc3 O-O 8. Qc2 Bb4 9. Nd2 c5 10.
a3 Bxc3 11. Qxc3 Ne4 12. Nxe4 fxe4 13. Be2 Nc6 14. b4 cxd4 15. exd4 d5 16. b5 Ne7 17. c5 bxc5 18. dxc5 d4 19. Qh3 Bd5 20. Bb2 e5 21. c6 Ng6 22. g3 Qg5 23. Qg4 Qd2 24.
Bc1 Qc3 25. Bg5 Rae8 26. Rac1 Qxa3 27. c7 Bb7 28. Ra1 Qc5 29. Rac1 Qb6 30. h4 e3 31.
fxe3 Bc8 32. Rxf8+ Rxf8 33. Qe4 dxe3 34. Bxe3 Qd6 35.
h5 Ne7 36. Bc5 Qd7 37. Qxe5 Re8 38. Bc4+ Kh8 39. h6 Ng6 40. hxg7+ 1-0

[Event "*** SCC Grand Prix: Titled Tuesday Blitz"]
[Site "Chess.com"]
[Date "2020.06.09"]
[Round "1"]
[White "Shivagami"]
[Black "heartofatiger"]
[Result "0-1"]
[WhiteElo "2266"]
[BlackElo "2595"]
[TimeControl "180+1"]
[EndTime "9:07:24 PDT"]
[Termination "heartofatiger won by resignation"]

1. d4 Nf6 2. c4 e6 3. Nc3 Bb4 4. f3 c5 5. d5 b5 6. e4 O-O 7.
Nh3 d6 8. Nf2 bxc4 9. Bxc4 exd5 10. Bxd5 Nxd5 11. Qxd5 Qb6 12. Bf4 Nc6 13. O-O Rd8 14. Qg5 Bxc3 15. bxc3 Be6 16. Qg3 Ne7 17.
Bg5 Rd7 18. f4 Bc4 19. Rfd1 Rf8 20.
f5 f6 21. Bf4 d5 22. Qg4 Qc6 23. a3 dxe4 24. Bh6 Rf7 25. Rxd7 Qxd7 26. Nxe4 Qxf5 27.
Nxf6+ Qxf6 28. Qxc4 Qxh6 29. Rd1 Qe3+ 30. Kh1 Ng6 31. Rd8+ Nf8 32. Rd1 h6 33. Rf1 Qe6 0-1

[Event "*** SCC Grand Prix: Titled Tuesday Blitz"]
[Site "Chess.com"]
[Date "2020.06.09"]
[Round "1"]
[White "Y0ung_Capablanca"]
[Black "Olga_Girya"]
[Result "1-0"]
[WhiteElo "2753"]
[BlackElo "2403"]
[TimeControl "180+1"]
[EndTime "9:07:25 PDT"]
[Termination "Y0ung_Capablanca won by resignation"]

1. d4 d5 2. c4 c6 3. cxd5 cxd5 4.
Bf4 Nf6 5. e3 Bf5 6. Nc3 Nc6 7.
Qb3 Na5 8. Qa4+ Bd7 9. Qc2 e6 10. Bd3 Be7 11. Nf3 Nc6 12. Qe2 Nh5 13. Bg3 O-O 14. Ne5 g6 15. Nxc6 Bxc6 16. Be5 f6 17.
Bg3 Rc8 18. O-O-O Bb4 19. Kb1 Bxc3 20. bxc3 Qa5 21. Bd6 Rfd8 22. Bb4 Qb6 23. Ka1 a5 24. Bc5 Qc7 25. Rb1 Qd7 26. Bb6 Re8 27. Bxa5 e5 28. Bb6 exd4 29. cxd4 Nf4 30. Qd2 Nxd3 31. Qxd3 Ba4 32.
Bc5 b5 33. h4 Qe6 34. h5 Qe4 35. Qxe4 Rxe4 36. hxg6 hxg6 37. Rh6 Kf7 38. Rh7+ Ke6 39. f3 Rxc5 40. dxc5 Rxe3 41. Rc1 b4 42. c6 Rc3 43.
Rxc3 bxc3 44. c7 Bd7 45. Rh8 d4 46. c8=Q Bxc8 47. Rxc8 Kd5 48. Kb1 1-0

[Event "*** SCC Grand Prix: Titled Tuesday Blitz"]
[Site "Chess.com"]
[Date "2020.06.09"]
[Round "1"]
[White "Vesper2018"]
[Black "GM_Buhmann"]
[Result "0-1"]
[WhiteElo "2399"]
[BlackElo "2741"]
[TimeControl "180+1"]
[EndTime "9:07:26 PDT"]
[Termination "GM_Buhmann won on time"]

1. e4 e5 2. Nf3 Nc6 3. Bc4 Nf6 4. d3 Be7 5. c3 O-O 6. O-O d5 7. exd5 Nxd5 8. Re1 Bg4 9. h3 Bh5 10. Bb3 Kh8 11. g4 Bg6 12. Nxe5 Nxe5 13. Rxe5 c6 14. Bxd5 cxd5 15. Qf3 f5 16. Rxd5 Qb6 17. g5 f4 18.
Nd2 Qe6 19. Nf1 Bh5 20. Qe4 Qxh3 21. Qg2 Qe6 22. Qe4 Qg4+ 23. Qg2 Qe2 24. Nh2 Rad8 25. Rxd8 Rxd8 26. d4 Bd6 27. f3 Qe6 28. Bd2 b5 29.
b3 Qd5 30. Re1 b4 31. Qf2 bxc3 32. Bxc3 Qxg5+ 33. Qg2 Qd5 34. Ng4 Re8 35. Ne5 Kg8 36. Qg5 Bxe5 37. Rxe5 Rxe5 38. Qxe5 Qxe5 39. dxe5 Bxf3 40.
e6 Bd5 41. e7 Kf7 42. Bb4 g5 43. Bd6 a6 0-1

[Event "*** SCC Grand Prix: Titled Tuesday Blitz"]
[Site "Chess.com"]
[Date "2020.06.09"]
[Round "1"]
[White "Radzio1987"]
[Black "bsnsun"]
[Result "1-0"]
[WhiteElo "2905"]
[BlackElo "2447"]
[TimeControl "180+1"]
[EndTime "9:07:27 PDT"]
[Termination "Radzio1987 won by resignation"]

1. d4 Nf6 2. c4 e6 3. Nf3 d5 4. Nc3 dxc4 5. e3 a6 6. a4 c5 7. Bxc4 cxd4 8. exd4 Nc6 9. O-O Be7 10. Bg5 O-O 11. Re1 Nb4 12. Ne5 Bd7 13. Qe2 Nbd5 14. Nxd5 Nxd5 15. Bxd5 Bxg5 16. Bxb7 Rb8 17. Bxa6 Rb4 18.
Bb5 Bxb5 19. axb5 Qd5 20. Ra7 Rxb5 21. Rd7 Qb3 22. Qh5 Bf6 23. Rxf7 Bxe5 24. Rxf8+ Kxf8 25. dxe5 Qxb2 26. Qxh7 Qxe5 27. Rd1 Qf6 28. Qe4 Qf5 29. Qa8+ Kf7 30. h3 Kg6 31. Qc6 Rb2 32. Rf1 Kh7 33. Qc3 Rc2 34. Qg3 Rc5 35. Re1 Rc2 36. Re5 Rc1+ 37. Kh2 Qf6 38. Qe3 Rc2 39. Qe4+ Qg6 40.
Rh5+ Kg8 41. Qxg6 1-0

[Event "*** SCC Grand Prix: Titled Tuesday Blitz"]
[Site "Chess.com"]
[Date "2020.06.09"]
[Round "1"]
[White "eightbyeightchess"]
[Black "Shoooting_Star"]
[Result "0-1"]
[WhiteElo "2393"]
[BlackElo "2741"]
[TimeControl "180+1"]
[EndTime "9:07:27 PDT"]
[Termination "Shoooting_Star won by resignation"]

1. e4 c5 2. Nf3 d6 3. d4 cxd4 4. Qxd4 Nf6 5. Bg5 Nc6 6. Bb5 Bd7 7.
Bxc6 Bxc6 8. Nc3 e6 9. O-O-O Be7 10. Qd3 O-O 11. Nd4 Qc7 12. f4 Rfd8 13. f5 e5 14.
Bxf6 Bxf6 15. Nxc6 bxc6 16. h4 Rac8 17. g4 d5 18. g5 Be7 19. f6 gxf6 20. gxf6 Bxf6 21.
Rdf1 Bg7 22. h5 Bh6+ 23. Kb1 Rb8 24. exd5 Qb7 25. b3 cxd5 26. Qg3+ Kf8 27. Rhg1 Bf4 28.
Qg7+ Ke7 29. Rxf4 exf4 30. Qe5+ Kd7 31. Nxd5 Kc6 32. Ne7+ Kb6 33. Re1 a6 34. a4 Ka7 35.
Qxf4 Rd7 36. Nf5 Rbd8 37. Kb2 Qc6 38. h6 Qf6+ 39. Qe5 Qxe5+ 40. Rxe5 Rd5 41. Re7+ R8d7 42. Rxd7+ Rxd7 43. c4 a5 44. Kc3 Kb6 45. Nd4 Kc5 46. Nf3 Rd6 47. Ng5 Rxh6 48. Nxf7 Rh3+ 49. Kc2 Kb4 50. Ng5 Rh2+ 51. Kd3 Kxb3 52. c5 Kxa4 53. c6 Rh6 54. c7 Rc6 55. Nxh7 Rxc7 56. Ng5 Kb4 57. Ne4 a4 58. Nd2 a3 0-1

[Event "*** SCC Grand Prix: Titled Tuesday Blitz"]
[Site "Chess.com"]
[Date "2020.06.09"]
[Round "1"]
[White "Nastya_Rakhmangulova"]
[Black "Mikhail_Golubev"]
[Result "0-1"]
[WhiteElo "2277"]
[BlackElo "2603"]
[TimeControl "180+1"]
[EndTime "9:07:27 PDT"]
[Termination "Mikhail_Golubev won on time"]

1. e4 c5 2. Nf3 d6 3. d4 Nf6 4. Nc3 cxd4 5. Nxd4 g6 6. Be3 Bg7 7. f3 Nc6 8. Qd2 O-O 9. Bc4 Nxd4 10. Bxd4 Be6 11.
Bxe6 fxe6 12. O-O Qa5 13. Rfe1 Nd7 14. Rad1 Rac8 15. a3 Bxd4+ 16. Qxd4 Qb6 17. Qxb6 Nxb6 18. Re2 Nc4 19. Rb1 a6 20. Nd1 b5 21. Ra1 Rc5 22. b3 Ne5 23. Kf2 Rfc8 24. Ra2 Nc6 25. Rd2 e5 26. c3 Nd8 27. b4 R5c6 28. a4 Ne6 29. g3 Kf7 30. Ra3 Nc7 31. Rda2 bxa4 32. Rxa4 Nb5 33.
Rxa6 Nxc3 34. Nxc3 Rxc3 35. b5 Rb3 36. b6 Rb8 37. Ra7 R8xb6 38. Rc2 Rb2 39. Rc7 R6b3 40. h4 h6 41. Rxb2 Rxb2+ 42. Ke3 Rg2 43. g4 h5 44. gxh5 gxh5 45. Rc8 Rh2 46. Rh8 Rxh4 47. Rh6 Rh2 48. f4 Rh3+ 0-1

[Event "*** SCC Grand Prix: Titled Tuesday Blitz"]
[Site "Chess.com"]
[Date "2020.06.09"]
[Round "1"]
[White "Kolle05"]
[Black "Volodar_Murzin"]
[Result "0-1"]
[WhiteElo "2374"]
[BlackElo "2717"]
[TimeControl "180+1"]
[EndTime "9:07:28 PDT"]
[Termination "Volodar_Murzin won on time"]

1. e4 c6 2. Nc3 d5 3. Nf3 Bg4 4. h3 Bxf3 5. Qxf3 Nf6 6. Be2 e6 7. O-O Nbd7 8. d4 dxe4 9. Nxe4 Nxe4 10. Qxe4 Nf6 11. Qd3 Bd6 12. c3 Qc7 13. Bf3 O-O 14. Be3 Nd5 15. c4 Nxe3 16. Qxe3 Rad8 17. Rad1 a5 18.
Rfe1 a4 19. Be4 Rd7 20. Bc2 Qa5 21. Qe4 g6 22. d5 cxd5 23. cxd5 exd5 24. Qxa4 Qc7 25.
Bb3 Bc5 26. Qb5 Rfd8 27. Re2 b6 28. Qd3 Qf4 29. Qd2 Qf6 30. Rde1 Kg7 31. Re5 d4 32. Qd3 Re7 33. Rxe7 Bxe7 34. Re4 h5 35. g3 Qf5 36. g4 hxg4 37. hxg4 Qf6 38. Re2 Bd6 39. Re4 Be5 40.
Kf1 Rh8 41. Ke2 Rh2 0-1

[Event "*** SCC Grand Prix: Titled Tuesday Blitz"]
[Site "Chess.com"]
[Date "2020.06.09"]
[Round "1"]
[White "Lovinski"]
[Black "XDPS"]
[Result "0-1"]
[WhiteElo "2357"]
[BlackElo "2689"]
[TimeControl "180+1"]
[EndTime "9:07:29 PDT"]
[Termination "XDPS won by checkmate"]

1. Nf3 d5 2. g3 Bg4 3. Bg2 Nf6 4. Ne5 Bf5 5. c4 c6 6. Qb3 Qb6 7. cxd5 Qxb3 8. axb3 cxd5 9. Nc3 Nc6 10. Nxc6 bxc6 11.
O-O e6 12. d3 Be7 13. e4 Bg6 14. Be3 a5 15. Bb6 Rb8 16. Na4 O-O 17. Bc5 Bxc5 18. Nxc5 Rb5 19. Rfc1 Ra8 20. h3 h6 21. f4 Ne8 22. f5 exf5 23. exd5 cxd5 24. Bxd5 Rd8 25. Bc4 Rxc5 26. Bxf7+ Bxf7 27. Rxc5 Rxd3 28. Kf2 Rxb3 29. Raxa5 Rxb2+ 30. Kf3 Rb3+ 31. Kf2 Bg6 32. Ra7 Rb2+ 33. Kf3 Bh5+ 34. Kf4 Bg6 35. Re5 Nf6 36. Ke3 Rb3+ 37.
Kd2 Rxg3 38. Ree7 Bh5 39. Ke1 f4 40. Kf2 Kh7 41. h4 Ng4+ 42. Kf1 Ne3+ 43. Kf2 Rg2+ 44. Ke1 Re2# 0-1

[Event "*** SCC Grand Prix: Titled Tuesday Blitz"]
[Site "Chess.com"]
[Date "2020.06.09"]
[Round "1"]
[White "alexsergeyev"]
[Black "BlackBoarder"]
[Result "1/2-1/2"]
[WhiteElo "2344"]
[BlackElo "2650"]
[TimeControl "180+1"]
[EndTime "9:07:31 PDT"]
[Termination "Game drawn by repetition"]

1. d4 e6 2. c4 Nf6 3. Nf3 d5 4. Nc3 Bb4 5. Bg5 h6 6. Bxf6 Qxf6 7. e3 O-O 8. Bd3 dxc4 9. Bxc4 c5 10. O-O cxd4 11.
Nxd4 Bxc3 12. bxc3 Bd7 13. a4 Nc6 14. a5 Rac8 15. Qb3 Nxd4 16. cxd4 Bc6 17. a6 b6 18. d5 exd5 19. Bxd5 Rfd8 20. Bxc6 Qxc6 21. g3 Qc4 22. Qxc4 Rxc4 23. Rfd1 Rxd1+ 24. Rxd1 Ra4 25. Rd8+ Kh7 26. Rd7 Rxa6 27. Rxf7 Ra1+ 28. Kg2 a5 29. Rb7 Rb1 30. Ra7 Rb4 31. f4 Kg6 32. g4 a4 33. h4 b5 34.
h5+ Kf6 35. Kf3 Rb3 36. Ra6+ Ke7 37. Ra7+ Kf6 38. Ra6+ Kf7 39. Ra7+ Kg8 40. g5 hxg5 41. fxg5 Kf8 42. Ra8+ Kf7 43. Ra7+ Kf8 44. Ra8+ Kf7 45. Ra7+ Kg8 46. g6 Kf8 47. Rf7+ Kg8 48. Ra7 Kf8 49. Rf7+ Kg8 50. Ra7 1/2-1/2

[Event "*** SCC Grand Prix: Titled Tuesday Blitz"]
[Site "Chess.com"]
[Date "2020.06.09"]
[Round "1"]
[White "LawrenceTrent"]
[Black "Bhagya_2312"]
[Result "1-0"]
[WhiteElo "2531"]
[BlackElo "2133"]
[TimeControl "180+1"]
[EndTime "9:07:31 PDT"]
[Termination "LawrenceTrent won by resignation"]

1. e4 c6 2. Ne2 d5 3. e5 e6 4. d4 c5 5. c3 Nc6 6. Be3 Nge7 7. f4 Nf5 8. Bf2 Qb6 9. Qd2 h5 10. g3 Bd7 11. Bh3 g6 12. Bxf5 gxf5 13. dxc5 Bxc5 14. Bxc5 Qxc5 15. Na3 Qb6 16. O-O-O Rc8 17. Kb1 Na5 18. Nd4 Nc4 19. Nxc4 Rxc4 20. b3 Ke7 21. Qb2 Rc7 22. Qa3+ Qc5 23. Qxc5+ Rxc5 24. Kb2 h4 25. Nf3 hxg3 26. hxg3 Rcc8 27. Rxh8 Rxh8 28. Kc2 b5 29. Kd2 Rb8 30. Rh1 b4 31. Rh7 bxc3+ 32. Kxc3 a5 33. Ng5 Be8 34. Rh8 Rc8+ 35. Kd2 Bd7 36.
Rxc8 Bxc8 37. Nf3 f6 38. exf6+ Kxf6 39. Ne5 Ba6 40. Ke3 Bb5 41. a4 Bf1 42. Kd4 Be2 43.
Kc5 Bd1 44. Kb5 Bxb3 45. Kxa5 Bc2 46. Kb4 d4 47. a5 d3 48. Kc3 Ba4 49. a6 1-0